 Dungeon Crawl Stone Soup version 0.23.2-11-gf996548c65 (webtiles) character file.

Game seed: 18183222301849163701

225 Revguard the Shield-Bearer (level 6, -20/38 HPs)
             Began as a Gargoyle Fighter on June 6, 2019.
             Was a Believer of Elyvilon.
             Demolished by an ogre
             ... wielding a +0 giant spiked club
              (24 damage)
             ... on level 4 of the Dungeon.
             The game lasted 00:09:45 (2738 turns).

Revguard the Shield-Bearer (Gargoyle Fighter)       Turns: 2738, Time: 00:09:46

Health: -20/38     AC: 15    Str: 20    XL:     6   Next: 1%
Magic:  7/7        EV:  5    Int:  9    God:    Elyvilon [**....]
Gold:   103        SH:  9    Dex: 10    Spells: 5/5 levels left

rFire    . . .     SeeInvis .   a - +1 war axe
rCold    . . .     Gourm    .   c - +0 shield
rNeg     + . .     Faith    .   g - +0 chain mail
rPois    ∞         Spirit   .   (no helmet)
rElec    +         Reflect  .   (no cloak)
rCorr    .         Harm     .   (no gloves)
MR       .....                  j - +0 pair of boots
Stlth    ..........             (no amulet)
HPRegen  0.12/turn              (no ring)
MPRegen  0.10/turn              (no ring)

@: no status effects
A: negative energy resistance 1, electricity resistance, unbreathing,
petrification resistance, rot immunity, AC +4
a: Lesser Healing, Heal Other, Divine Protection, Renounce Religion


You were on level 4 of the Dungeon.
You worshipped Elyvilon.
Elyvilon was pleased with you.
You were hungry.

You visited 1 branch of the dungeon, and saw 4 of its levels.

You collected 103 gold pieces.

Inventory:

Hand Weapons
 a - a +1 war axe (weapon)
Armour
 c - a +0 shield (worn)
 g - a +0 chain mail (worn)
 j - a +0 pair of boots (worn)
Jewellery
 b - a -2 ring of dexterity
Scrolls
 i - a scroll of enchant weapon
 k - a scroll of remove curse
 m - 2 scrolls of random uselessness {unknown}
 n - 2 scrolls of teleportation {unknown}
 p - 3 scrolls of blinking {unknown}
 q - a scroll of enchant armour {unknown}
Potions
 d - a potion of might
 e - 2 potions of agility
 h - a potion of resistance
 l - a potion of invisibility
 o - a potion of curing
 r - 2 potions of ambrosia
Comestibles
 f - 8 rations


   Skills:
 + Level 4.1 Fighting
 + Level 3.5 Axes
 + Level 4.1 Armour
 + Level 0.4 Dodging
 + Level 4.3 Shields
 * Level 1.4 Invocations


You had 5 spell levels left.
You didn't know any spells.
Your spell library was empty.

Dungeon Overview and Level Annotations

Branches:
Dungeon (4/15)
 Temple: D:4-7

Altars:
Ashenzari
Dithmenos
Elyvilon
Fedhas
Gozag
Kikubaaqudgha
Okawaru
Ru


Innate Abilities, Weirdness & Mutations

You are resistant to torment.
Your stone body is resilient. (AC +4)
You are immune to poison.
You resist negative energy. (rN+)
You are resistant to electric shocks. (rElec)
You can survive without breathing.
You are immune to petrification.
You are immune to rotting.


Message History

You are feeling hungry.
Found a stone staircase leading down.
n - 2 scrolls labeled ATISHONLESU (gained 1)
You open the door.
There is an open door here.
There is an open door here.
An ogre comes into view. It is wielding a +0 giant spiked club.
The ogre hits you with a +0 giant spiked club!
You hit the ogre.
The ogre is lightly wounded.
You block the ogre's attack.
Your shield and chain mail prevent you from hitting the ogre.
The ogre is lightly wounded.
The ogre hits you with a +0 giant spiked club!!
* * * LOW HITPOINT WARNING * * *
You hit the ogre but do no damage.
The ogre is lightly wounded.
The ogre hits you with a +0 giant spiked club!!
Ouch! That really hurt!
You die...

.....###≈..≈###....######
###................#
#####......##....#
#......##....#
#............#
#.###........# #.#
#......### #.#
#......####### #.#
#.....@O......
#######.###......#######
.........####.....#
#######..# #.....#
#..<#..# #.....#
###.###..# #.....#
......#..# #.....#
.##.#.#..# ......#
.........#


You could see an ogre.

Vanquished Creatures
  Natasha (thrice) (D:3)
  An orc wizard (D:4)
  A worker ant (D:4)
  4 adders
  An adder skeleton (D:4)
  A dart slug (D:2)
  3 leopard geckos
  3 orcs
  A ball python (D:1)
  3 giant cockroaches (D:2)
  8 goblins
  5 hobgoblins
  7 kobolds
  2 quokkas (D:2)
  9 bats
  3 frilled lizards
  8 rats
63 creatures vanquished.

Vanquished Creatures (others)
  A human (D:2)
1 creature vanquished.

Grand Total: 64 creatures vanquished

Notes
Turn   | Place    | Note
-------+----------+-------------------------------------------
     0 | D:1      | Revguard the Gargoyle Fighter began the quest for the Orb.
     0 | D:1      | Reached XP level 1. HP: 14/14 MP: 1/1
   172 | D:1      | Reached XP level 2. HP: 19/19 MP: 2/2
   517 | D:1      | Reached XP level 3. HP: 23/23 MP: 3/3
   921 | D:2      | Found a shadowy altar of Dithmenos.
   952 | D:2      | Found an ancient bone altar of Kikubaaqudgha.
   955 | D:2      | Noticed a human
   961 | D:2      | Killed a human
  1130 | D:2      | Found a faded altar of an unknown god.
  1130 | D:2      | Found a blossoming altar of Fedhas.
  1135 | D:2      | Found an opulent altar of Gozag.
  1138 | D:2      | Became a worshipper of Ru the Awakened
  1141 | D:2      | Found a faded altar of an unknown god.
  1143 | D:2      | Found a shattered altar of Ashenzari.
  1153 | D:2      | Fell from the grace of Ru
  1153 | D:2      | Became a worshipper of Elyvilon the Healer
  1153 | D:2      | Reached * piety under Elyvilon
  1195 | D:2      | Reached XP level 4. HP: 28/28 MP: 4/4
  1224 | D:2      | Found a white marble altar of Elyvilon.
  1575 | D:3      | Found an iron altar of Okawaru.
  1617 | D:3      | Found a white marble altar of Elyvilon.
  1848 | D:3      | Reached ** piety under Elyvilon
  1943 | D:3      | Noticed Natasha
  1963 | D:3      | Killed Natasha
  2066 | D:3      | Reached XP level 5. HP: 31/33 MP: 5/5
  2074 | D:3      | Noticed Natasha
  2081 | D:3      | Killed Natasha
  2156 | D:3      | Noticed Natasha
  2175 | D:3      | Killed Natasha
  2175 | D:3      | Reached skill level 1 in Invocations
  2345 | D:4      | Reached XP level 6. HP: 15/38 MP: 4/7
  2738 | D:4      | Demolished by an ogre

Skill      XL: |  1  2  3  4  5 |
---------------+----------------+-----
Axes           | 2 3 |  3.5
Shields        | 4 |  4.3
Armour         | 4 |  4.1
Fighting       | 4 |  4.1
Invocations    | 1 |  1.4
Dodging        | |  0.4

Action                   |  1- 3 |  4- 6 || total
-------------------------+-------+-------++-------
Melee: War axe           |   131 |   126 ||   257
Invok: Lesser Healing    |       |     2 ||     2
  Use: Scroll            |     3 |     4 ||     7
       Potion            |     1 |       ||     1
  Eat: Chunk             |     1 |     5 ||     6
Armor: Scale mail        |    60 |       ||    60
       Chain mail        |    36 |    88 ||   124
Dodge: Dodged            |    49 |    25 ||    74
Block: Shield            |    78 |    54 ||   132
